 Dungeon Crawl Stone Soup version 0.16-a0-4112-g89a4107 (webtiles) character file.

88 Ololoev the Charlatan (level 4, -3/35 HPs)
             Began as a Merfolk Artificer on Feb 27, 2015.
             Killed themself with a badly aimed fireball (10 damage)
             ... on level 3 of the Dungeon.
             The game lasted 00:05:25 (1778 turns).

Ololoev the Charlatan (Merfolk Artificer)           Turns: 1778, Time: 00:05:26

Health: -3/35      AC:  3    Str: 12    XL:     4   Next: 53%
Magic:  7/7        EV: 13    Int: 11    God:
Gold:   84         SH:  0    Dex: 14    Spells: 0 memorised, 3 levels left

rFire  . . .     SeeInvis .     a - +0 short sword
rCold  . . .     Clarity  .     s - +0 robe {MR+}
rNeg   . . .     SustAb   .     (no shield)
rPois  .         Gourm    .     (no helmet)
rElec  .         Spirit   .     t - +0 cloak
rCorr  .         Warding  .     (no gloves)
rMut   .         Stasis   .     (no boots)
MR     +....                    (no amulet)
Stlth  ++........               (no ring)
                                i - ring of invisibility

@: somewhat resistant to hostile enchantments, unstealthy
A: change form in water, swift swim
a: Evoke Invisibility


You were on level 3 of the Dungeon.
You were not hungry.

You visited 1 branch of the dungeon, and saw 3 of its levels.

You collected 84 gold pieces.

Notes
Turn   | Place    | Note
--------------------------------------------------------------
     0 | D:1      | Ololoev, the Merfolk Artificer, began the quest for the Orb.
     0 | D:1      | Reached XP level 1. HP: 15/15 MP: 1/1
   266 | D:1      | Reached XP level 2. HP: 5/22 MP: 3/3
   898 | D:2      | Noticed Jessica
   899 | D:2      | Killed Jessica
   899 | D:2      | Reached XP level 3. HP: 21/28 MP: 4/4
  1039 | D:2      | Reached skill level 4 in Evocations
  1098 | D:2      | Found a stormy altar of Qazlal.
  1204 | D:2      | Reached XP level 4. HP: 31/34 MP: 6/6
  1771 | D:3      | Found a radiant altar of Vehumet.
  1778 | D:3      | Killed themself with a badly aimed fireball

Inventory:

Hand weapons
 a - a +0 short sword (weapon)
Armour
 s - a +0 robe of magic resistance (worn)
 t - a +0 cloak (worn)
Jewellery
 i - a ring of invisibility (left hand)
 u - an uncursed ring of positive energy {unknown}
Magical devices
 b - a wand of flame (12)
 c - a wand of enslavement (14)
 d - a wand of random effects (6)
 p - a wand of random effects (24)
Scrolls
 g - a scroll of fog {unknown}
 h - 4 scrolls of identify {unknown}
 k - a scroll of fear {unknown}
 l - 2 scrolls of magic mapping {unknown}
 m - 2 scrolls of remove curse {unknown}
 o - a scroll of amnesia {unknown}
Potions
 e - a potion of invisibility {unknown}
 n - a potion of lignification {unknown}
 q - a potion of curing {unknown}
Comestibles
 f - 2 bread rations
 j - a meat ration
 r - a chunk of flesh

Table legend:
 A = Turns spent in this place as a percentage of turns spent in the entire game.
 B = Non-inter-level travel turns spent in this place as a percentage of non-inter-level travel turns spent in the entire game.
 C = Inter-level travel turns spent in this place as a percentage of turns spent in this place.
 D = Turns resting spent in this place as a percentage of non-inter-level travel turns spent in this place.
 E = Turns spent auto-exploring this place as a percentage of non-inter-level travel turns spent in this place.
 F = Non-inter-level travel turns spent in this place divided by the number of levels of this place that you've seen.
                   A       B       C       D       E      F
               +-------+-------+-------+-------+-------+----------------------
         Total | 100.0 | 100.0 |   0.3 |   3.7 |   9.8 | 216.7
       Dungeon | 100.0 | 100.0 |   0.3 |   3.7 |   9.8 | 216.7
               +-------+-------+-------+-------+-------+----------------------


   Skills:
 + Level 3.0 Fighting
 - Level 1.2 Short Blades
 - Level 2.6 Dodging
 - Level 1.1 Stealth
 * Level 4.5 Evocations


You had 3 spell levels left.
You didn't know any spells.

Dungeon Overview and Level Annotations

Branches:
Dungeon (3/15)

Altars:
Qazlal
Vehumet


Message History

You hit the hobgoblin.
You kill the hobgoblin!
No target in view!
You start resting.
Eating one of 2 chunks of flesh.
This raw flesh tastes terrible.
You continue eating. x2
HP restored.
Things that are here:
a club; a hobgoblin corpse
Found a club.
Found a stone staircase leading up.
There is a stone staircase leading up here.
Found a leather armour.
You see here a leather armour.
A hobgoblin comes into view. It is wielding a long sword.
Found a radiant altar of Vehumet.
The hobgoblin shouts!
Found two items.
The hobgoblin zaps a wand.
The puff of frost hits you!
It is a wand of frost.
The hobgoblin zaps a wand.
The puff of frost misses you.
Found a scroll labeled GOXAKLO RIPHE.
You hit the hobgoblin but do no damage.
The hobgoblin zaps a wand.
The puff of frost hits you!
You are too injured to fight recklessly!
You are too injured to fight recklessly!
You are too injured to fight recklessly!
Evoke which item? (* to show all) (? for menu, Esc to quit)
Zapping:
d - a wand of random effects (7)
Press: ? - help, Shift-Dir - straight line, f - hobgoblin
Aim: a hobgoblin, wielding a long sword and carrying a wand of frost {zapped: 3} The rock shatters into small pieces.
This wand has 6 charges left.
The hobgoblin hits you with a long sword.
Evoke which item? (* to show all) (? for menu, Esc to quit)
Zapping:
d - a wand of random effects (6)
Press: ? - help, Shift-Dir - straight line, f/p - hobgoblin
Aim: a hobgoblin, wielding a long sword and carrying a wand of frost {zapped: 3} The fireball explodes!
The fireball engulfs the hobgoblin.
You kill the hobgoblin!
The fireball engulfs you!
You die...

#.#
#.################
#.#...........[...
##.#.##############
##.......?.....
###...#..#########.#
#........# #.#
#...#....# #.#
#....@..## #.#
#.#._.#.# #.#
#.......# #.#
#?..#...# #.#
.........# #.#
#.#.#?##.##########.#
##.
.#.............###
?...#..#####....)....
# #.########


There were no monsters in sight!

Table legend:
 A = Kills in this place as a percentage of kills in entire the game.
 B = Kills by you in this place as a percentage of kills by you in the entire game.
 C = Kills by friends in this place as a percentage of kills by friends in the entire game.
 D = Other kills in this place as a percentage of other kills in the entire game.
 E = Experience gained in this place as a percentage of experience gained in the entire game.
 F = Experience gained in this place divided by the number of levels of this place that you have seen.
                   A       B       C       D       E      F
               +-------+-------+-------+-------+-------+----------------------
         Total | 100.0 | 100.0 | 100.0 |  -nan | 100.0 |  42.0
       Dungeon | 100.0 | 100.0 | 100.0 |  -nan | 100.0 |  42.0
               +-------+-------+-------+-------+-------+----------------------

Vanquished Creatures
  Jessica (D:2)
  An adder (D:3)
  A giant mite (D:2)
  A worm (D:2)
  A giant gecko (D:2)
  An orc (D:3)
  4 bats
  6 goblins
  6 hobgoblins
  4 jackals
  5 kobolds
  A ball python (D:1)
  4 giant cockroaches
  2 giant newts (D:2)
  4 rats
42 creatures vanquished.

Vanquished Creatures (collateral kills)
  A hobgoblin (D:1)
  A rat (D:1)
2 creatures vanquished.

Grand Total: 44 creatures vanquished

Action                   |  1- 3 |  4- 6 || total
-------------------------+-------+-------++-------
Melee: Short sword       |    91 |    62 ||   153
Evoke: Wand              |     9 |     4 ||    13
  Eat: Chunk             |     1 |     2 ||     3

Vault maps used:
D:1:      dpeg_arrival_arbitrary_c
D:2:      grunt_qazlal_clouds, uniq_jessica
D:3:      vehumet_altar_wand_db, first_bread
